 Dungeon Crawl Stone Soup version 0.29-a0-330-g52719c12eb (webtiles) character file.

Game seed: 3295261156393968688

94 truemonolith the Magician (level 4, -12/24 HPs)
             Began as a Deep Elf Conjurer on May 22, 2022.
             Killed from afar by Ijyb (27 damage)
             ... with a bolt of acid
             ... on level 3 of the Dungeon.
             The game lasted 00:06:51 (3056 turns).

truemonolith the Magician (Deep Elf Conjurer)       Turns: 3056, Time: 00:06:51

Health: -12/24     AC:  4    Str:  4    XL:     4   Next: 38%
Magic:  5/14       EV: 12    Int: 25    God:
Gold:   105        SH:  0    Dex: 13    Spells: 14/15 levels left

rFire   . . .      SeeInvis .   (no weapon)
rCold   . . .      Faith    .   f - orb {mayhem}
rNeg    . . .      Spirit   .   m - +1 robe {Will+}
rPois   .          Reflect  .   (no helmet)
rElec   .          Harm     .   (no cloak)
rCorr   .          Rampage  .   (no gloves)
Will    +....                   a - +0 pair of boots
Stlth   ++........              (no amulet)
HPRegen 0.08/turn               (no ring)
MPRegen 0.14/turn               (no ring)

@: no status effects
A: no striking features
a: no special abilities


You were on level 3 of the Dungeon.
You visited 1 branch of the dungeon, and saw 3 of its levels.

You collected 105 gold pieces.

Inventory:

Armour
 a - a +0 pair of boots (worn)
 f - an orb of mayhem (worn)
 m - a +1 robe of willpower (worn)
 n - a +2 leather armour of fire resistance
Magical Staves
 l - a staff of fire
Scrolls
 c - 2 scrolls of teleportation {unknown}
 e - a scroll of identify
 h - a scroll of magic mapping {unknown}
Potions
 b - a potion of magic
 d - 2 potions of flight
 g - 2 potions of haste {unknown}
 i - a potion of heal wounds {unknown}
 j - a potion of lignification {unknown}
 k - a potion of curing {unknown}


   Skills:
 - Level 2.4 Dodging
 - Level 2.4 Stealth
 * Level 6.4 Spellcasting
 - Level 4.3 Conjurations


You had 14 spell levels left.
You knew the following spells:

 Your Spells              Type           Power      Damage    Failure   Level
a - Magic Dart            Conj           100%       1d8       1%          1

Your spell library contained the following spells:

 Spells                   Type           Power      Damage    Failure   Level
 Searing Ray              Conj           58%        2d6       1%          2
 Summon Small Mammal      Summ           32%        N/A       7%          1
 Dazzling Flash           Conj/Hex       36%        N/A       9%          3
 Ensorcelled Hibernation  Hex/Ice        16%        N/A       11%         2
 Passwall                 Tmut/Erth      6%         N/A       11%         2
 Call Canine Familiar     Summ           8%         N/A       22%         3
 Portal Projectile        Hex/Tloc       16%        N/A       22%         3
 Summon Guardian Golem    Hex/Summ       8%         N/A       22%         3
 Swiftness                Air            8%         N/A       22%         3
 Fulminant Prism          Conj/Hex       9%         3d7       28%         4
 Iskenderun's Mystic Bla  Conj/Tloc      18%        2d6       28%         4
 Leda's Liquefaction      Hex/Erth       4%         N/A       56%         4


Dungeon Overview and Level Annotations

Branches:
Dungeon (3/15)

Altars:

Shops:
D:2 ?

Annotations:
D:3 Ijyb


Message History

Aiming: Magic Dart (safe; 1% risk of failure)
Press: ? - help, Shift-Dir - straight line, f/p - Ijyb
Aim: Ijyb, wielding a +0 club, wearing a +0 leather armour and carrying a wand of acid (4) (heavily wounded, 100% to hit)
The magic dart hits Ijyb.
Ijyb is heavily wounded.
Casting: Magic Dart (safe; 1% risk of failure)
Confirm with . or Enter, or press ? or * to list all spells.
Aiming: Magic Dart (safe; 1% risk of failure)
Press: ? - help, Shift-Dir - straight line, f/p - Ijyb
Aim: Ijyb, wielding a +0 club, wearing a +0 leather armour and carrying a wand of acid (4) (heavily wounded, 100% to hit)
The magic dart hits Ijyb.
Ijyb is severely wounded.
Ijyb barely misses you.
Casting: Magic Dart (safe; 1% risk of failure)
Confirm with . or Enter, or press ? or * to list all spells.
Aiming: Magic Dart (safe; 1% risk of failure)
Press: ? - help, Shift-Dir - straight line, f/p - Ijyb
Aim: Ijyb, wielding a +0 club, wearing a +0 leather armour and carrying a wand of acid (4) (severely wounded, 100% to hit)
The magic dart hits Ijyb.
Ijyb is severely wounded.
Ijyb screams, "Die!"
Ijyb hits you with a +0 club.
Casting: Magic Dart (safe; 1% risk of failure)
Confirm with . or Enter, or press ? or * to list all spells.
Aiming: Magic Dart (safe; 1% risk of failure)
Press: ? - help, Shift-Dir - straight line, f/p - Ijyb
Aim: Ijyb, wielding a +0 club, wearing a +0 leather armour and carrying a wand of acid (4) (severely wounded, 100% to hit)
The magic dart hits Ijyb but does no damage.
Ijyb is severely wounded.
Ijyb hits you with a +0 club.
Casting: Magic Dart (safe; 1% risk of failure)
Confirm with . or Enter, or press ? or * to list all spells.
Aiming: Magic Dart (safe; 1% risk of failure)
Press: ? - help, Shift-Dir - straight line, f/p - Ijyb
Aim: Ijyb, wielding a +0 club, wearing a +0 leather armour and carrying a wand of acid (4) (severely wounded, 100% to hit)
The magic dart hits Ijyb.
Ijyb is almost dead.
Ijyb zaps a wand.
The bolt of acid hits you!!
Ouch! That really hurt!
You die...

##### #.... #.... ######
#....####### #.....
##..........# #..... ##
.............# #..... .#
###..#..g@...# #..... .#
## #....(..# #..... .#
#..# #.......# #..... .#
#..##
#.)####.##########.....
## #...
........................
#..#
###..###.#.....####.....
#..# # #.#.#.#.# #.....
#..# #.#.#.#.# #.####
####..# #.#.#.#.####.#


You could see Ijyb.

Vanquished Creatures
  Jessica (D:3)
  An adder (D:2)
  A white imp (D:3)
  A worm (D:2)
  A dart slug (D:1)
  An orc (D:3)
  3 ball pythons
  3 endoplasms
  4 giant cockroaches
  7 goblins
  4 hobgoblins
  2 kobolds
  3 quokkas
  3 bats (D:2)
  4 frilled lizards
  5 rats
44 creatures vanquished.

Notes
Turn   | Place    | Note
-------+----------+-------------------------------------------
     0 | D:1      | truemonolith the Deep Elf Conjurer began the quest for the
                  | Orb.
     0 | D:1      | Reached XP level 1. HP: 10/10 MP: 6/6
   269 | D:1      | Reached skill level 4 in Spellcasting
   269 | D:1      | Reached XP level 2. HP: 10/15 MP: 3/9
   407 | D:1      | Found a faded altar of an unknown god.
  1827 | D:2      | Found Ocyfic's Magic Scroll Shop.
  1830 | D:2      | Reached XP level 3. HP: 19/19 MP: 8/11
  1907 | D:2      | Reached skill level 5 in Spellcasting
  2747 | D:3      | Noticed Jessica
  2754 | D:3      | Killed Jessica
  2755 | D:3      | Reached skill level 6 in Spellcasting
  2755 | D:3      | Reached XP level 4. HP: 10/24 MP: 5/14
  3044 | D:3      | Noticed Ijyb
  3056 | D:3      | Killed from afar by Ijyb

Illustrated notes

Levels and vault maps discovered:
D:1:      minmay_arrival_nine_rooms, layout_basic, basic_ecumenical_altar,
          serial_forest, infiniplex_forest_end_2, infiniplex_forest_lined_3,
          infiniplex_forest_join, infiniplex_forest_lined_room_2,
          infiniplex_forest_corner_1
D:2:      layout_basic, serial_shops, shop, roderic_roman_lattice,
          grunt_ministairs_4, minmay_tetromino_i2
D:3:      layout_basic, uniq_ijyb, uniq_jessica

Skill      XL: |  1  2  3 |
---------------+----------+-----
Spellcasting   | 4 6 |  6.4
Dodging        | |  2.4
Stealth        | |  2.4
Conjurations   | |  4.3

Action                   |  1- 3 |  4- 6 || total
-------------------------+-------+-------++-------
 Cast: Magic Dart        |    75 |    15 ||    90
  Use: Scroll            |     1 |       ||     1
Armor: Robe              |     3 |       ||     3
Dodge: Dodged            |    10 |     1 ||    11

Table legend: (Time is in decaauts)
 A = Elapsed time spent in this place.
 B = Non-inter-level travel time spent in this place.
 C = Inter-level travel time spent in this place.
 D = Time resting spent in this place.
 E = Time spent auto-exploring this place.
 F = Levels seen in this place.
 G = Mean time per level.
                   A        B        C        D        E       F      G
               +--------+--------+--------+--------+--------+-----+--------+
         Total |   3059 |   2843 |    216 |    443 |   1933 |   3 | 1019.7 |
       Dungeon |   3059 |   2843 |    216 |    443 |   1933 |   3 | 1019.7 |
               +--------+--------+--------+--------+--------+-----+--------+

Top non-repeatable levels by time:
     D:2: 1239 daAuts
     D:1: 1234 daAuts
     D:3: 585 daAuts
